 Dungeon Crawl Stone Soup version 0.30-a0-371-gad7725a93e (webtiles) character file.

Game seed: 16526605545817916676

216 garrulousMonolith the Shield-Bearer (level 5, 0/33 HPs)
             Began as a Gargoyle Fighter on Nov 22, 2022.
             Slain by Eustachio
             ... wielding a +2 rapier of speed
              (9 damage)
             ... on level 4 of the Dungeon.
             The game lasted 00:03:53 (1824 turns).

garrulousMonolith the Shield-Bearer (GrFi)          Turns: 1824, Time: 00:03:54

Health: 0/33       AC: 12    Str: 25    XL:     5   Next: 93%
Magic:  5/6        EV: 10    Int:  9    God:
Gold:   26         SH:  4    Dex: 11    Spells: 4/4 levels left

rFire   . . .      SeeInvis .    f - +0 hand axe (elec)
rCold   . . .      Faith    .    c - +0 buckler
rNeg    + . .      Spirit   .    b - +0 scale mail
rPois   ∞          Reflect  .    (no helmet)
rElec   +          Harm     .    (no cloak)
rCorr   .          Rampage  .    (no gloves)
Will    .....                    q - +0 pair of boots
Stlth   ..........               (no amulet)
HPRegen 0.25/turn                v - +6 ring of strength
MPRegen 0.10/turn                (no ring)

@: mighty
A: sickness immunity, AC +4, negative energy resistance 1, electricity
resistance, torment resistance 1, petrification resistance
a: no special abilities


You were on level 4 of the Dungeon.
You visited 1 branch of the dungeon, and saw 4 of its levels.

You collected 123 gold pieces.
You spent 97 gold pieces at shops.

Inventory:

Hand Weapons
 a - a +0 flail
 f - a +0 hand axe of electrocution (weapon)
 n - a +0 sling
 p - a +2 whip of venom
Missiles
 l - 6 poisoned darts (quivered)
Armour
 b - a +0 scale mail (worn)
 c - a +0 buckler (worn)
 q - a +0 pair of boots (worn)
Jewellery
 t - a ring of ice
 v - a +6 ring of strength (left hand)
Scrolls
 g - a scroll of blinking
 o - a scroll of amnesia {unknown}
 s - a scroll of fear {unknown}
 u - a scroll of vulnerability {unknown}
Potions
 j - a potion of brilliance {unknown}
 m - 2 potions of berserk rage {unknown}
 r - a potion of magic {unknown}
 w - a potion of flight {unknown}


   Skills:
 + Level 4.0 Fighting
 * Level 3.6 Maces & Flails
 + Level 4.0 Armour
 + Level 1.5 Dodging
 + Level 4.1 Shields
 + Level 1.4 Invocations


You had 4 spell levels left.
You didn't know any spells.
Your spell library contained the following spells:

 Spells                   Type           Power      Damage    Failure   Level
 Ensorcelled Hibernation  Hex/Ice        0%         N/A       88%         2
 Spider Form              Tmut/Pois      0%         N/A       98%         3
 Summon Guardian Golem    Hex/Summ       0%         N/A       98%         3
 Anguish                  Hex/Necr       0%         N/A       100%        4
 Orb of Destruction       Conj           0%         9d5       100%        7
 Spellforged Servitor     Conj/Summ      0%         N/A       100%        7


Dungeon Overview and Level Annotations

Branches:
Dungeon (4/15)
 Temple: D:4-7

Altars:
Dithmenos
Hepliaklqana
Makhleb

Shops:
D:4 ?

Annotations:
D:4 Eustachio


Innate Abilities, Weirdness & Mutations

You are immune to sickness and miasma.
Your stone body is resilient. (AC +4)
You are immune to poison.
You resist negative energy. (rN+)
You are resistant to electric shocks. (rElec)
You are resistant to unholy torment.
You are immune to petrification.


Message History

You hit the iguana.
The iguana is severely wounded.
You miss the quasit. The iguana bites you.
* * * LOW HITPOINT WARNING * * *
The quasit bites you but does no damage.
The quasit barely misses you. You block the quasit's attack.
The iguana barely misses you.
A hobgoblin comes into view. It is carrying a wand of flame (19).
Blink to where?
Press: ? - help, Dir - move target, f - you
Okay, then.
You feel better.
The hobgoblin shouts!
The quasit bites you but does no damage.
The quasit misses you.
The quasit claws you but does no damage.
You block the iguana's attack.
The quasit bites you but does no damage.
The quasit claws you but does no damage.
The quasit misses you.
You slash the iguana!
You kill the iguana!
You closely miss the quasit.
The quasit bites you but does no damage.
The quasit claws you but does no damage.
The quasit closely misses you.
Your Fighting skill increases to level 4!
Your Armour skill increases to level 4!
You closely miss Eustachio.
Eustachio is heavily wounded.
You slash the quasit! Lightning courses through the quasit!
You kill the quasit!
The quasit disappears in a puff of smoke!
Eustachio hits you with a +2 rapier of speed.
* * * LOW HITPOINT WARNING * * *
You block Eustachio's attack.
You hit Eustachio.
Eustachio is heavily wounded.
Eustachio hits you with a +2 rapier of speed!
You die...

#...................#,,**,,,*,,*
##........)....#.†..##,,*,,,,*,,,
#.<..........#.#.#..#**,,,,,,**,,
#.<...##......##...##**,,,,,,,,,,
####.####....###.∩.#,,,,,,<,,,,,,
*#..##..##..#....#,.#,,,,,,,,,,
*.....#....##.##.#..#*,,*,,,,,,
**#..#..##..###§#[....#*,,*,,,**,
*,...#.....###..@†....#,,*,,,,,**
*#..####...##..@.)....#*,*,,,,,**
***** *,...............,,,,,,,,,
,,* **..##...g.......#*,,,,,,,
,,** *#*#...........##**,,,,,,
,,,* *** *##...........***,,,,,,
,,,* **,***,............,**,,,,,,
,,** *,,,**........###..**,,,,,,,
,,****,,,**,*,,,,,****,,,,,,,,,,,


You could see Eustachio and a hobgoblin.

Vanquished Creatures
  A black bear (D:4)
  An iguana (D:4)
  3 adders
  A worm (D:2)
  4 dart slugs
  7 endoplasms
  2 giant cockroaches (D:1)
  3 goblins
  3 hobgoblins
  4 jackals (D:1)
  5 quokkas
  6 ball pythons
  3 bats (D:1)
  4 frilled lizards
  5 kobolds
  4 rats
56 creatures vanquished.

Notes
Turn   | Place    | Note
-------+----------+-------------------------------------------
     0 | D:1      | garrulousMonolith the Gargoyle Fighter began the quest for
                  | the Orb.
     0 | D:1      | Reached XP level 1. HP: 14/14 MP: 1/1
   125 | D:1      | Reached XP level 2. HP: 13/19 MP: 2/2
   514 | D:1      | Reached XP level 3. HP: 23/23 MP: 3/3
   840 | D:2      | Reached XP level 4. HP: 11/28 MP: 4/4
   983 | D:2      | Reached skill level 1 in Dodging
  1328 | D:3      | Found a burning altar of Makhleb.
  1512 | D:3      | Found a shadowy altar of Dithmenos.
  1512 | D:3      | Found a hazy altar of Hepliaklqana.
  1518 | D:3      | Noticed a shadow
  1792 | D:4      | Found Viuxzonu's Magic Scroll Shop.
  1796 | D:4      | Noticed Eustachio
  1797 | D:4      | Noticed a black bear
  1798 | D:4      | Bought a scroll of blinking for 97 gold pieces
  1813 | D:4      | Killed a black bear
  1814 | D:4      | Reached skill level 1 in Invocations
  1814 | D:4      | Reached XP level 5. HP: 13/33 MP: 4/6
  1824 | D:4      | Slain by Eustachio

Illustrated notes

Levels and vault maps discovered:
D:1:      spicycebolla_arrival_xxxplode, layout_loops_ring
D:2:      layout_rooms
D:3:      layout_basic, riverfiend_overflow_shadow_ancestor,
          mainiacjoe_overflow_small_starburst
D:4:      layout_cave_pools, serial_shops, nicolae_shop_stone, roderic_batcave,
          uniq_crazy_yiuf_cottage, uniq_eustachio

Skill      XL: |  1  2  3  4  5 |
---------------+----------------+-----
Maces & Flails | 3 |  3.6
Dodging        | 1 |  1.5
Shields        | 4 |  4.1
Invocations    | 1 |  1.4
Fighting       | 4 |  4.0
Armour         | 4 |  4.0

Action                   |  1- 3 |  4- 6 || total
-------------------------+-------+-------++-------
Melee: Hand axe          |    76 |    78 ||   154
       Flail             |     9 |       ||     9
  Use: Scroll            |       |     4 ||     4
       Potion            |       |     3 ||     3
Armor: Scale mail        |    41 |    75 ||   116
Dodge: Dodged            |    31 |    60 ||    91
Block: Buckler           |    16 |    32 ||    48

Table legend: (Time is in decaauts)
 A = Elapsed time spent in this place.
 B = Non-inter-level travel time spent in this place.
 C = Inter-level travel time spent in this place.
 D = Time resting spent in this place.
 E = Time spent auto-exploring this place.
 F = Levels seen in this place.
 G = Mean time per level.
                   A        B        C        D        E       F      G
               +--------+--------+--------+--------+--------+-----+--------+
         Total |   1866 |   1770 |     96 |    179 |   1157 |   4 |  466.5 |
       Dungeon |   1866 |   1770 |     96 |    179 |   1157 |   4 |  466.5 |
               +--------+--------+--------+--------+--------+-----+--------+

Top non-repeatable levels by time:
     D:1: 627 daAuts
     D:2: 590 daAuts
     D:3: 494 daAuts
     D:4: 153 daAuts
